 Dungeon Crawl Stone Soup version 0.28.0-43-g3370ac3207 (webtiles) character file.

Game seed: 13931456191790938339

301 pkoi the Gusty (level 6, -3/28 HPs)
             Began as a Spriggan Air Elementalist on Mar 6, 2022.
             Was an Initiate of Sif Muna.
             Slain by a black bear (5 damage)
             ... on level 4 of the Dungeon.
             The game lasted 00:04:27 (4233 turns).

pkoi the Gusty (Spriggan Air Elementalist)          Turns: 4233, Time: 00:04:27

Health: -3/28      AC:  2    Str:  4    XL:     6   Next: 14%
Magic:  10/13      EV: 17    Int: 18    God:    Sif Muna [......]
Gold:   97         SH:  0    Dex: 16    Spells: 13/14 levels left

rFire   . . .      SeeInvis +   b - +0 dagger (vamp)
rCold   . . .      Faith    .   (no shield)
rNeg    . . .      Spirit   .   a - +0 robe
rPois   .          Reflect  .   (helmet restricted)
rElec   .          Harm     .   (no cloak)
rCorr   .          Rampage  .   (gloves unavailable)
Will    +....                   (boots unavailable)
Stlth   ++........              (no amulet)
HPRegen 0.09/turn               (no ring)
MPRegen 0.13/turn               (no ring)

@: very quick
A: very small, no large weapons, unfitting armour, see invisible, speed 3
a: Renounce Religion


You were on level 4 of the Dungeon.
You worshipped Sif Muna.
Sif Muna was noncommittal.
You visited 1 branch of the dungeon, and saw 4 of its levels.

You collected 97 gold pieces.

Inventory:

Hand Weapons
 b - a +0 vampiric dagger (weapon)
Missiles
 d - 11 poisoned darts
Armour
 a - a +0 robe (worn)
Scrolls
 e - 2 scrolls of identify
 f - a scroll of teleportation {unknown}
Potions
 c - a potion of invisibility {unknown}
 g - a potion of attraction
 h - a potion of berserk rage {unknown}
 j - a potion of heal wounds {unknown}


   Skills:
 - Level 2.6 Dodging
 - Level 3.0 Stealth
 + Level 4.6 Spellcasting
 + Level 2.1 Conjurations
 * Level 4.9 Air Magic


You had 13 spell levels left.
You knew the following spells:

 Your Spells              Type           Power      Damage    Failure   Level
a - Shock                 Conj/Air       64%        1d7       3%          1

Your spell library contained the following spells:

 Spells                   Type           Power      Damage    Failure   Level
 Static Discharge         Conj/Air       16%        N/A       4%          2
 Swiftness                Air            22%        N/A       5%          3
 Airstrike                Air            11%        N/A       19%         4
 Fulminant Prism          Conj/Hex       3%         3d6       65%         4
 Iskenderun's Mystic Bla  Conj/Tloc      7%         2d4       65%         4
 Lee's Rapid Deconstruct  Erth           2%         3d5*      98%         5


Dungeon Overview and Level Annotations

Branches:
Dungeon (4/15)
 Temple: D:4-7

Altars:
Sif Muna
The Shining One


Innate Abilities, Weirdness & Mutations

You are very small and have problems with some larger weapons.
You are too small for most types of armour.
You have supernaturally acute eyesight. (SInv)
You cover ground extremely quickly. (Speed+++)


Message History

There is a stone staircase leading down here.
You climb downwards.
Found a stone staircase leading down.
There is a stone staircase leading up here.
A black bear is nearby!
The helpless black bear fails to defend itself.
You puncture the black bear!
The black bear is heavily wounded.
The black bear misses you. The black bear claws you. x2
* * * LOW HITPOINT WARNING * * *
Unknown command.
There is a stone staircase leading up here.
Aiming: Shock (safe; 3% risk of failure)
Press: ? - help, Q - select action, (/) - cycle Shift-Dir - straight line The zap misses the black bear.
The zap hits the black bear!
The black bear is severely wounded.
The black bear bites you.
* * * LOW HITPOINT WARNING * * *
The black bear completely misses you. The black bear barely misses you.
Aiming: Shock (safe; 3% risk of failure)
Press: ? - help, Q - select action, (/) - cycle Shift-Dir - straight line The zap hits the black bear.
The black bear is severely wounded.
The zap hits the black bear.
The black bear is almost dead.
The black bear goes berserk!
Aiming: Shock (safe; 3% risk of failure)
Press: ? - help, Q - select action, (/) - cycle Shift-Dir - straight line The zap hits the black bear.
The black bear is almost dead.
The zap hits the black bear.
The black bear is almost dead.
The black bear bites you!
* * * LOW HITPOINT WARNING * * *
The black bear claws you.
* * * LOW HITPOINT WARNING * * *
The black bear closely misses you. The black bear bites you.
* * * LOW HITPOINT WARNING * * *
The black bear closely misses you. The black bear claws you.
You die...

....... ... #......
..### .. .......
#... ...
.......###.# ...
....>......## #.#
........<.#.##..##.
..........#........
..........h.......#
......##...@......#
...... #........###
......#...#...#.#
..... #.#####.# ..
........ .. .. ....
... . ... .... .###


You could see a black bear (berserk).

Vanquished Creatures
  A black bear (D:3)
  A scorpion (D:3)
  2 orc wizards (D:3)
  2 adders (D:3)
  A worm (D:3)
  4 dart slugs
  3 orcs (D:3)
  8 ball pythons
  3 endoplasms
  7 giant cockroaches
  6 goblins
  8 hobgoblins
  5 jackals
  2 kobolds
  3 quokkas
  4 bats
  2 frilled lizards
  4 rats
66 creatures vanquished.

Notes
Turn   | Place    | Note
-------+----------+-------------------------------------------
     0 | D:1      | pkoi the Spriggan Air Elementalist began the quest for the
                  | Orb.
     0 | D:1      | Reached XP level 1. HP: 9/9 MP: 5/5
   175 | D:1      | Reached XP level 2. HP: 13/13 MP: 1/7
   572 | D:1      | Found a faded altar of an unknown god.
   995 | D:1      | Reached XP level 3. HP: 16/16 MP: 4/8
  1426 | D:2      | Reached skill level 1 in Conjurations
  2672 | D:3      | Noticed a black bear
  2694 | D:3      | Killed a black bear
  2695 | D:3      | Reached XP level 4. HP: 21/21 MP: 2/11
  2695 | D:3      | Reached XP level 5. HP: 24/24 MP: 2/12
  3229 | D:3      | Found a shimmering blue altar of Sif Muna.
  3234 | D:3      | Became a worshipper of Sif Muna the Loreminder
  3542 | D:3      | Found a glowing golden altar of the Shining One.
  3744 | D:3      | Reached XP level 6. HP: 28/28 MP: 6/13
  4233 | D:4      | Slain by a black bear

Illustrated notes

Levels and vault maps discovered:
D:1:      evilmike_arrival_hilbert_curve, layout_basic,
          shapermc_ecumenical_altar_petra, serial_corexii_hall,
          corexii_hall_statues_i, corexii_hall_statues_t,
          chequers_hall_statues_corner_a
D:2:      layout_loops_corners, minmay_misc_feat_roman,
          kennysheep_generic_room_14
D:3:      layout_basic, mainiacjoe_overflow_alcove_2, tso_metal_star,
          grunt_ministairs_10, minmay_unequal
D:4:      cheibrodos_thug_alley, layout_cave_pools,
          gammafunk_temple_overflow_pools

Skill      XL: |  1  2  3  4  5 |
---------------+----------------+-----
Air Magic      | 3 4 |  4.9
Spellcasting   | 3 4 |  4.6
Conjurations   | 1 2 |  2.1
Dodging        | |  2.6
Stealth        | |  3.0

Action                   |  1- 3 |  4- 6 || total
-------------------------+-------+-------++-------
Melee: Dagger            |    37 |     1 ||    38
 Cast: Shock             |   110 |    53 ||   163
  Use: Scroll            |     5 |       ||     5
 Stab: Sleeping          |       |     1 ||     1
Armor: Robe              |     4 |     2 ||     6
Dodge: Dodged            |    56 |    13 ||    69
